 Dungeon Crawl Stone Soup version 0.23-a0-677-g07611c5 (webtiles) character file.

1535 zishaf the Thaumaturge (level 8, -10/58 HPs)
             Began as a Gnoll Wizard on Jan 10, 2019.
             Was a Follower of Cheibriados.
             Mangled by Harold
             ... wielding a +0 short sword
              (17 damage)
             ... on level 7 of the Dungeon.
             The game lasted 00:18:25 (6730 turns).

zishaf the Thaumaturge (Gnoll Wizard)               Turns: 6730, Time: 00:18:25

Health: -10/58     AC:  9    Str: 14    XL:     8   Next: 86%
Magic:  8/20       EV: 14    Int: 24    God:    Cheibriados [*.....]
Gold:   222        SH:  0    Dex: 17    Spells: 7/23 levels left

rFire    + . .     SeeInvis .   a - +2 flail (crush)
rCold    x . .     Gourm    .   (no shield)
rNeg     . . .     Faith    .   j - +0 ring mail
rPois    .         Spirit   .   o - +1 helmet
rElec    .         Reflect  .   (no cloak)
rCorr    .         Harm     .   l - +0 pair of gloves
MR       +....                  (no boots)
Stlth    +++.......             (no amulet)
HPRegen  0.19/turn              k - ring of protection from magic
MPRegen  0.17/turn              m - ring of fire

@: very slow
A: distributed training, fangs 1, strong nose
a: Bend Time, Renounce Religion


You were on level 7 of the Dungeon.
You worshipped Cheibriados.
Cheibriados was aware of your devotion.
You were not hungry.

You visited 2 branches of the dungeon, and saw 8 of its levels.
You also visited: Sewer.

You collected 260 gold pieces.
You spent 38 gold pieces at shops.

Inventory:

Hand Weapons
 a - a +2 flail of crushing (weapon)
 b - a +0 hunting sling
Missiles
 c - 15 poisoned needles
 f - 208 stones (quivered)
Armour
 j - a +0 ring mail (worn)
 l - a +0 pair of gloves (worn)
 o - a +1 helmet (worn)
Jewellery
 k - a ring of protection from magic (left hand)
 m - a ring of fire (right hand)
 p - a +3 ring of strength
Scrolls
 e - 4 scrolls of teleportation
 t - a scroll of remove curse
 w - a scroll of vulnerability {unknown}
 y - a scroll of magic mapping
Potions
 g - 2 potions of ambrosia
 h - a potion of curing {unknown}
 i - 2 potions of resistance
 n - 2 potions of mutation
 q - a potion of magic
 r - 2 potions of invisibility
 s - 4 potions of flight
 u - a potion of brilliance
 v - a potion of agility {unknown}
 x - a potion of cancellation {unknown}
 z - a potion of haste {unknown}
Comestibles
 d - 12 rations


   Skills:
 + Level 3.5 Fighting
 + Level 3.5 Short Blades
 + Level 3.5 Long Blades
 + Level 3.5 Axes
 + Level 3.5 Maces & Flails
 + Level 3.5 Polearms
 + Level 3.5 Staves
 + Level 3.5 Slings
 + Level 3.5 Bows
 + Level 3.5 Crossbows
 + Level 3.5 Throwing
 + Level 3.5 Armour
 + Level 5.9 Dodging
 + Level 5.5 Stealth
 + Level 3.5 Shields
 + Level 3.5 Unarmed Combat
 + Level 8.0 Spellcasting
 + Level 3.7 Conjurations
 + Level 2.9 Hexes
 + Level 2.9 Charms
 + Level 3.7 Summonings
 + Level 2.9 Necromancy
 + Level 3.7 Translocations
 + Level 2.9 Transmutations
 + Level 2.9 Fire Magic
 + Level 2.9 Ice Magic
 + Level 2.9 Air Magic
 + Level 2.9 Earth Magic
 + Level 2.9 Poison Magic
 + Level 3.9 Invocations
 + Level 3.5 Evocations


You had 7 spell levels left.
You knew the following spells:

 Your Spells              Type           Power        Failure   Level  Hunger
a - Magic Dart            Conj           ####         2%          1    None
b - Call Imp              Summ           ####....     4%          2    None
c - Conjure Flame         Conj/Fire      #####...     10%         3    None
d - Blink                 Tloc           N/A          4%          2    None
e - Fireball              Conj/Fire      #####.....   65%         5    #####..
z - Mephitic Cloud        Conj/Pois/Air  ####....     11%         3    None

Your spell library contained the following spells:

 Spells                   Type           Power        Failure   Level  Hunger
 Apportation              Tloc           ####..       2%          1    None
 Summon Small Mammal      Summ           ####         2%          1    None
 Animate Skeleton         Necr           N/A          3%          1    None
 Confusing Touch          Hex            ###...       3%          1    None
 Flame Tongue             Conj/Fire      #####        3%          1    None
 Throw Flame              Conj/Fire      #####.       4%          2    None
 Slow                     Hex            ###.....     6%          2    None
 Inner Flame              Hex/Fire       #####...     12%         3    None
 Sticky Flame             Conj/Fire      #####...     32%         4    ##.....


Dungeon Overview and Level Annotations

Branches:
Dungeon (7/15)             Temple (1/1) D:6

Altars:
Ashenzari
Cheibriados
Dithmenos
Elyvilon
Fedhas
Gozag
Hepliaklqana
Kikubaaqudgha
Makhleb
Nemelex Xobeh
Okawaru
Qazlal
Ru
Sif Muna
Trog
Uskayaw
Vehumet
Wu Jian
Xom
Yredelemnul
Zin
The Shining One

Shops:
D:6 ?

Annotations:
D:1 exclusion: downstairs
D:7 Harold


Innate Abilities, Weirdness & Mutations

Your experience applies equally to all skills.
You have very sharp teeth.
Your uncanny sense of smell can sniff out nearby items.


Message History

You completely miss Harold.
Your white imp hits Harold but does no damage.
Your crimson imp hits Harold.
Harold hits you with a +0 short sword!
You hit Harold. You bite Harold, but do no damage.
Harold is lightly wounded.
Your white imp hits Harold.
Your white imp freezes Harold.
Your crimson imp hits Harold but does no damage.
Harold hits you with a +0 short sword!
Your white imp hits Harold but does no damage.
You hit Harold but do no damage.
Harold is lightly wounded.
Your white imp disappears in a puff of smoke!
Your crimson imp blinks!
Harold hits you with a +0 short sword!
* * * LOW HITPOINT WARNING * * *
Casting: Call Imp (safe; 4% risk of failure)
Confirm with . or Enter, or press ? or * to list all spells.
A beastly little devil appears in a puff of flame.
Harold hits you with a +0 short sword!
You die...

# ##..#.#.# #.#
...###.......####.###
.......#.#.#...[....#
..............#####.#
.....#.#.#.#..#####.#
.$.5..........##....#
...#.......#..##.##.#
.........5....##.##.#
#.#..@@§#.#........#
......§......###.####
.#.#.(.#.#.#....<#
.........#..#####
#.#.#.#.#.#.#
.............#
.......### ### ......
###


You could see Harold and 2 friendly crimson imps.

Vanquished Creatures
  Grinder (D:5)
  Edmund (D:5)
  The ghost of TSBacon the Skirmisher, an amateur OgBe of Trog (D:4)
  Purgy (Sewer)
  3 ogres
  A centaur zombie (D:6)
  A bullfrog zombie (D:5)
  A quasit (D:7)
  A hound (D:4)
  A centaur skeleton (D:4)
  2 worker ants (D:4)
  A howler monkey zombie (D:5)
  A worker ant zombie (D:7)
  13 adders
  An ooze (D:1)
  An adder skeleton (D:6)
  A dart slug (D:4)
  3 leopard geckos
  2 orcs (D:6)
  11 giant cockroaches
  3 goblins
  9 hobgoblins
  6 jackals
  2 quokkas
  4 ball pythons
  6 bats
  11 frilled lizards
  A jackal skeleton (D:5)
  4 kobolds
  A quokka skeleton (D:4)
  A quokka zombie (D:5)
  8 rats
104 creatures vanquished.

Vanquished Creatures (collateral kills)
  A black bear (D:7)
  2 sky beasts
  A bullfrog (D:6)
  A scorpion (D:6)
  A water moccasin skeleton (D:2)
  A bullfrog zombie (D:7)
  A crimson imp (D:6)
  3 jellies
  An orc priest (D:6)
  2 hounds (D:6)
  4 orc wizards (D:6)
  An iguana (D:6)
  A worker ant (D:5)
  A leopard gecko (D:7)
  6 orcs
  A goblin (D:2)
  4 jackals
  A quokka (D:6)
33 creatures vanquished.

Grand Total: 137 creatures vanquished

Notes
Turn   | Place    | Note
-------+----------+-------------------------------------------
     0 | D:1      | zishaf the Gnoll Wizard began the quest for the Orb.
     0 | D:1      | Reached XP level 1. HP: 13/13 MP: 8/8
   226 | D:1      | Reached XP level 2. HP: 19/19 MP: 8/10
   271 | D:1      | Learned a level 2 spell: Call Imp
   274 | D:1      | Learned a level 2 spell: Blink
   744 | D:2      | Noticed a sky beast
   894 | D:2      | Reached XP level 3. HP: 25/25 MP: 6/11
  1202 | D:2      | Reached skill level 1 in Fighting
  1202 | D:2      | Reached skill level 1 in Short Blades
  1202 | D:2      | Reached skill level 1 in Long Blades
  1202 | D:2      | Reached skill level 1 in Axes
  1202 | D:2      | Reached skill level 1 in Maces & Flails
  1202 | D:2      | Reached skill level 1 in Polearms
  1202 | D:2      | Reached skill level 1 in Staves
  1202 | D:2      | Reached skill level 1 in Slings
  1202 | D:2      | Reached skill level 1 in Bows
  1202 | D:2      | Reached skill level 1 in Crossbows
  1202 | D:2      | Reached skill level 1 in Throwing
  1202 | D:2      | Reached skill level 1 in Armour
  1202 | D:2      | Reached skill level 1 in Shields
  1202 | D:2      | Reached skill level 1 in Unarmed Combat
  1202 | D:2      | Reached skill level 1 in Invocations
  1202 | D:2      | Reached skill level 1 in Evocations
  1202 | D:2      | Reached XP level 4. HP: 24/32 MP: 0/13
  1347 | D:2      | Killed a sky beast
  1347 | D:2      | Reached skill level 1 in Hexes
  1347 | D:2      | Reached skill level 1 in Charms
  1347 | D:2      | Reached skill level 1 in Necromancy
  1347 | D:2      | Reached skill level 1 in Transmutations
  1347 | D:2      | Reached skill level 1 in Fire Magic
  1347 | D:2      | Reached skill level 1 in Ice Magic
  1347 | D:2      | Reached skill level 1 in Air Magic
  1347 | D:2      | Reached skill level 1 in Earth Magic
  1347 | D:2      | Reached skill level 1 in Poison Magic
  1477 | D:2      | Reached XP level 5. HP: 19/37 MP: 5/14
  1791 | D:2      | Learned a level 3 spell: Conjure Flame
  1795 | D:2      | Learned a level 3 spell: Mephitic Cloud
  1961 | D:3      | Found a glowing drain.
  1992 | Sewer    | Entered a sewer
  2082 | Sewer    | Noticed Purgy
  2134 | Sewer    | Killed Purgy
  2134 | Sewer    | Reached XP level 6. HP: 44/44 MP: 2/16
  2773 | D:4      | Reached skill level 5 in Dodging
  2971 | D:4      | Reached XP level 7. HP: 45/50 MP: 18/18
  3454 | D:4      | Found a runed door.
  3454 | D:4      | Noticed TSBacon's ghost (amateur OgBe)
  3476 | D:4      | Killed TSBacon's ghost
  3901 | D:5      | Entered Level 5 of the Dungeon
  3932 | D:5      | Reached skill level 5 in Stealth
  4019 | D:5      | Found a basalt altar of Yredelemnul.
  4078 | D:5      | Noticed Grinder
  4470 | D:5      | Killed Grinder
  4470 | D:5      | Reached XP level 8. HP: 35/57 MP: 5/19
  4931 | D:5      | Noticed Edmund
  4976 | D:5      | Killed Edmund
  5237 | D:6      | Found a staircase to the Ecumenical Temple.
  5306 | Temple   | Entered the Ecumenical Temple
  5462 | Temple   | Became a worshipper of the Shining One
  5487 | D:5      | Fell from the grace of the Shining One
  5831 | Temple   | Became a worshipper of Cheibriados the Contemplative
  5935 | D:6      | Learned a level 5 spell: Fireball
  6119 | D:6      | Found Fiqugila's Magic Scroll Boutique.
  6187 | D:6      | Bought a scroll of magic mapping for 38 gold pieces
  6224 | D:6      | Reached skill level 8 in Spellcasting
  6352 | D:6      | Reached * piety under Cheibriados
  6714 | D:7      | Noticed Harold
  6730 | D:7      | Mangled by Harold

Vault maps used:
D:1:      ebering_hopf_link, amethyst_killhole
D:3:      first_ration, gup_sewer_entry_glass
D:4:      gammafunk_ghost_grave
D:5:      yredelemnul_altar_generic, uniq_edmund, uniq_grinder
D:6:      minmay_temple_entry_stoned_glass, serial_shops,
          nicolae_shop_waterfront, minmay_door_square
D:7:      mumra_celtic_spiral_tile, serial_shops, shop,
          hangedman_decor_riveting, mrwooster_statue_mirror, uniq_harold
Temple:   nicolae_temple_the_god_donut
Sewer:    sewer_co_purgy_island

Skill      XL: |  1  2  3  4  5  6  7  8 |
---------------+-------------------------+-----
Conjurations   | 2 3 |  3.7
Summonings     | 2 3 |  3.7
Translocations | 2 3 |  3.7
Fighting       | 1 2 3 |  3.5
Short Blades   | 1 2 3 |  3.5
Long Blades    | 1 2 3 |  3.5
Axes           | 1 2 3 |  3.5
Maces & Flails | 1 2 3 |  3.5
Polearms       | 1 2 3 |  3.5
Staves         | 1 2 3 |  3.5
Slings         | 1 2 3 |  3.5
Bows           | 1 2 3 |  3.5
Crossbows      | 1 2 3 |  3.5
Throwing       | 1 2 3 |  3.5
Armour         | 1 2 3 |  3.5
Shields        | 1 2 3 |  3.5
Unarmed Combat | 1 2 3 |  3.5
Invocations    | 1 2 3 |  3.9
Evocations     | 1 2 3 |  3.5
Hexes          | 1 2 |  2.9
Charms         | 1 2 |  2.9
Necromancy     | 1 2 |  2.9
Transmutations | 1 2 |  2.9
Fire Magic     | 1 2 |  2.9
Ice Magic      | 1 2 |  2.9
Air Magic      | 1 2 |  2.9
Earth Magic    | 1 2 |  2.9
Poison Magic   | 1 2 |  2.9
Dodging        | 5 |  5.9
Stealth        | 5 |  5.5
Spellcasting   | 8 |  8.0

Action                   |  1- 3 |  4- 6 |  7- 9 || total
-------------------------+-------+-------+-------++-------
Melee: Short sword       |    60 |   138 |    42 ||   240
       Bite              |     1 |    10 |    14 ||    25
       Flail             |       |       |    45 ||    45
 Fire: Hunting sling     |       |    16 |    49 ||    65
Throw: Stone             |       |       |     1 ||     1
 Cast: Magic Dart        |    14 |    54 |    35 ||   103
       Call Imp          |     4 |     5 |   100 ||   109
       Mephitic Cloud    |       |     3 |     1 ||     4
       Blink             |       |     2 |     2 ||     4
       Conjure Flame     |       |     1 |     1 ||     2
Invok: Renounce Religion |       |       |     1 ||     1
  Use: Scroll            |       |     3 |    10 ||    13
       Potion            |       |     1 |       ||     1
 Stab: Sleeping          |     4 |     2 |     2 ||     8
       Confused          |       |     2 |       ||     2
       Distracted        |       |       |     3 ||     3
  Eat: Chunk             |     1 |     6 |     7 ||    14
       Ration            |       |       |     1 ||     1
Armor: Ring mail         |    17 |    37 |    68 ||   122
       Skin              |       |    51 |       ||    51
Dodge: Dodged            |    37 |   118 |   123 ||   278

Table legend:
 A = Non-vault XP
 B = Vault XP
 C = Vault XP percentage of total XP
 D = Non-vault monster count
 E = Vault monster count
 F = Vault count percentage of total count
                 A         B        C        D         E       F
            +---------+---------+-------+---------+---------+-------
      Total |    1555 |     639 |  29.1 |     121 |      16 |  11.7
            +---------+---------+-------+---------+---------+-------
        D:1 |      30 |       0 |   0.0 |      17 |       0 |   0.0
        D:2 |     172 |       0 |   0.0 |      20 |       0 |   0.0
        D:3 |      57 |      23 |  28.8 |      21 |       6 |  22.2
        D:4 |     307 |     142 |  31.6 |      14 |       1 |   6.7
        D:5 |     348 |     321 |  48.0 |      13 |       2 |  13.3
        D:6 |     456 |       0 |   0.0 |      29 |       0 |   0.0
        D:7 |     185 |       0 |   0.0 |       7 |       0 |   0.0
      Sewer |       0 |     153 | 100.0 |       0 |       7 | 100.0
            +---------+---------+-------+---------+---------+-------
